 Dungeon Crawl Stone Soup version 0.29.0-13-gc9e81de378 (webtiles) character file.

Game seed: 10697536948114676138

7875 robertstho the Grappler (level 11, -8/60 HPs)
             Began as a Vine Stalker Berserker on Sept 7, 2022.
             Was an Elder of Trog.
             Mangled by a cane toad (12 damage)
             ... on level 1 of the Lair of Beasts.
             The game lasted 00:08:29 (7341 turns).

robertstho the Grappler (Vine Stalker Berserker)    Turns: 7341, Time: 00:08:30

Health: -8/60      AC: 19    Str: 28    XL:     11   Next: 22%
Magic:  0/21       EV: 10    Int:  7    God:    Trog [****..]
Gold:   597        SH:  0    Dex: 15    Spells: 10/10 levels left

rFire   + + .      SeeInvis +     - Unarmed
rCold   + . .      Faith    .   (no shield)
rNeg    + . .      Spirit   +   D - +0 plate armour
rPois   .          Reflect  .   n - +0 helmet {SInv}
rElec   .          Harm     .   e - scarf {rC+ rF+}
rCorr   .          Rampage  .   (no gloves)
Will    +++..                   (no boots)
Stlth   ..........              w - amulet of the acrobat
HPRegen 2.00/turn               c - ring of the Ubiquitous God {+Blink rF+ rN+ MP+9 Str+5}
MPRegen 0.17/turn               b - +4 ring of protection

@: lethally poisoned (-8 -> -9), strong-willed, on berserk cooldown,
regenerating, slowed, very slow
A: fangs 3, regeneration 1, magic shield, antimagic bite, no potion heal 2
a: Renounce Religion, Evoke Blink, Berserk, Trog's Hand, Brothers in Arms


You were on level 1 of the Lair of Beasts.
You worshipped Trog.
Trog was greatly pleased with you.
You visited 2 branches of the dungeon, and saw 10 of its levels.

You collected 597 gold pieces.

Inventory:

Hand Weapons
 k - a +3 trident
Missiles
 a - 2 throwing nets (quivered)
Armour
 e - a scarf of resistance (worn)
 n - a +0 helmet of see invisible (worn)
 D - a +0 plate armour (worn)
Jewellery
 b - a +4 ring of protection (right hand)
 c - the ring of the Ubiquitous God (left hand) {+Blink rF+ rN+ MP+9 Str+5}
   (You acquired it on level 6 of the Dungeon)

   [ring of protection from fire]

   Str:       It affects your strength (+5).
   rF:        It protects you from fire.
   rN:        It protects you from negative energy.
   MP:        It affects your magic capacity (+9).
   +Blink:    It lets you blink.
 g - a ring of willpower
 w - an amulet of the acrobat (around neck)
Wands
 t - a wand of flame (4)
 y - a wand of digging (5)
Scrolls
 d - 2 scrolls of poison
 f - a scroll of silence {unknown}
 h - 4 scrolls of teleportation {unknown}
 i - a scroll of magic mapping {unknown}
 l - 3 scrolls of fear {unknown}
 o - 2 scrolls of immolation
 q - 2 scrolls of enchant armour
 r - a scroll of fog {unknown}
 s - 2 scrolls of summoning {unknown}
 x - 2 scrolls of identify
 z - 2 scrolls of enchant weapon {unknown}
 A - a scroll of vulnerability {unknown}
Potions
 j - a potion of ambrosia {unknown}
 m - a potion of invisibility {unknown}
 p - a potion of degeneration {unknown}
 v - a potion of magic {unknown}
 B - a potion of flight {unknown}


   Skills:
 * Level 8.2 Fighting
 * Level 8.3 Armour
 + Level 4.9 Dodging
 + Level 6.4 Stealth
 + Level 10.9 Unarmed Combat


You had 10 spell levels left.
You didn't know any spells.
Your spell library was empty.

Dungeon Overview and Level Annotations

Branches:
Dungeon (9/15)             Temple (0/1) D:7            Lair (1/5) D:9
    Orc: D:9-12

Altars:
Ashenzari
Fedhas
Gozag
Hepliaklqana
Kikubaaqudgha
Qazlal
Sif Muna
Vehumet
Wu Jian
Yredelemnul
Zin
The Shining One


Innate Abilities, Weirdness & Mutations

You have razor-sharp teeth.
Your natural rate of healing is unusually fast.
When hurt, damage is shared between your health and your magic reserves.
Your bite disrupts and absorbs the magic of your enemies.
Potions cannot restore your health.


Message History

The cane toad stings you but does no damage.
The blink frog hits you.
The blink frog blinks!
Unknown command.
Your ogre goes berserk!
The cane toad barely misses you.
The blink frog hits you but does no damage.
The blink frog blinks!
The cane toad stings you but does no damage.
The blink frog barely misses you.
Unknown command.
You hit the cane toad but do no damage. Your punch misses the cane toad.
You bite the cane toad. You drain its power.
You feel invigorated.
The cane toad is almost dead.
The blink frog hits you but does no damage.
The blink frog blinks!
The cane toad stings you.
You are poisoned.
The cane toad poisons you! The blink frog barely misses you.
The blink frog hits you!
You completely miss the cane toad.
You bite the cane toad, but do no damage.
The cane toad is almost dead.
You feel very sick.
Your ogre closely misses the blink frog.
The cane toad barely misses you.
The blink frog hits you but does no damage.
The blink frog hits you!
* * * LOW HITPOINT WARNING * * *
The cane toad stings you but does no damage.
Your ogre barely misses the blink frog.
Unknown command.
Your skin crawls.
You feel strong-willed.
You feel very sick.
The blink frog blinks!
The blink frog hits you but does no damage.
The cane toad closely misses you. The blink frog hits you!
* * * LOW HITPOINT WARNING * * *
The blink frog hits you but does no damage.
The cane toad stings you!
You die...

##############
...........#.#
............#
.......<....#
...........##
........F...#
.......ยง@F..#
......O.F.......
...........#....
..F........##...
............ #.#
............# #
...........#
!.........##


You could see a cane toad, 3 blink frogs and a friendly ogre (summoned,
berserk).

Vanquished Creatures
  Gastronok (D:8)
  An elephant (D:9)
  A cane toad (Lair:1)
  A komodo dragon (Lair:1)
  2 blink frogs (Lair:1)
  A hornet (D:9)
  6 yaks (D:9)
  2 wraiths
  3 steam dragons
  2 water moccasins
  3 orc warriors
  2 ice beasts
  4 black bears
  2 ogres
  5 centaurs
  Blork the orc (D:6)
  A kobold brigand (D:9)
  7 bullfrogs
  2 necrophages
  8 killer bees
  2 howler monkeys (D:6)
  3 jellies
  2 orc priests
  A hound (D:4)
  3 gnoll boudas
  3 iguanas
  8 orc wizards
  16 gnolls
  8 adders
  A shadow imp (D:6)
  A white imp (D:8)
  3 worms (D:2)
  A dart slug (D:4)
  39 orcs
  5 endoplasms
  12 goblins
  5 hobgoblins
  3 jackals (D:2)
  5 kobolds
  A quokka (D:5)
  6 ball pythons
  A bat (D:2)
  3 frilled lizards
  6 rats
193 creatures vanquished.

Vanquished Creatures (others)
  3 plants
3 creatures vanquished.

Grand Total: 196 creatures vanquished

Notes
Turn   | Place    | Note
-------+----------+-------------------------------------------
     0 | D:1      | robertstho the Vine Stalker Berserker began the quest for
                  | the Orb.
     0 | D:1      | Reached XP level 1. HP: 11/11 MP: 2/2
   659 | D:1      | Reached XP level 2. HP: 14/16 MP: 1/3
  1171 | D:2      | Reached XP level 3. HP: 19/20 MP: 4/4
  1653 | D:2      | Gained mutation: Your natural rate of healing is unusually
                  | fast. [Vine Stalker growth]
  1653 | D:2      | Reached XP level 4. HP: 24/24 MP: 5/5
  1698 | D:2      | Reached skill level 1 in Stealth
  1810 | D:2      | Reached ** piety under Trog
  2073 | D:3      | Reached skill level 4 in Unarmed Combat
  2093 | D:3      | Found a faded altar of an unknown god.
  2177 | D:3      | Reached XP level 5. HP: 28/28 MP: 6/6
  2424 | D:3      | Identified a scroll of acquirement
  2426 | D:3      | Acquired a +4 ring of protection
  2512 | D:4      | Reached XP level 6. HP: 29/33 MP: 3/7
  2586 | D:4      | Reached skill level 5 in Stealth
  2586 | D:4      | Reached skill level 8 in Unarmed Combat
  2586 | D:4      | Reached XP level 7. HP: 42/42 MP: 8/8
  2962 | D:5      | Entered Level 5 of the Dungeon
  3229 | D:5      | Found a glowing silver altar of Zin.
  3233 | D:5      | Found a radiant altar of Vehumet.
  3233 | D:5      | Found an ornate altar of the Wu Jian Council.
  3241 | D:5      | Found a hazy altar of Hepliaklqana.
  3244 | D:5      | Found an ancient bone altar of Kikubaaqudgha.
  3412 | D:5      | Found a blossoming altar of Fedhas.
  3415 | D:5      | Found a stormy altar of Qazlal.
  3420 | D:5      | Gained mutation: You have razor-sharp teeth. [Vine Stalker
                  | growth]
  3420 | D:5      | Reached XP level 8. HP: 46/46 MP: 9/9
  3536 | D:5      | Reached *** piety under Trog
  4282 | D:6      | Noticed Blork the orc
  4293 | D:6      | Killed Blork the orc
  4294 | D:6      | Reached XP level 9. HP: 50/50 MP: 10/10
  4607 | D:6      | Found a shimmering blue altar of Sif Muna.
  4607 | D:6      | Found a basalt altar of Yredelemnul.
  4972 | D:6      | Acquired the ring of the Ubiquitous God {+Blink rF+ rN+
                  | MP+9 Str+5}
  5146 | D:7      | Found a staircase to the Ecumenical Temple.
  5155 | D:7      | Reached **** piety under Trog
  5245 | D:7      | Reached skill level 9 in Unarmed Combat
  5268 | D:7      | Found an opulent altar of Gozag.
  5603 | D:8      | Noticed Gastronok
  5617 | D:8      | Killed Gastronok
  5618 | D:8      | Reached XP level 10. HP: 27/55 MP: 11/11
  5782 | D:8      | Found a broken altar of Ashenzari.
  6156 | D:8      | Reached skill level 10 in Unarmed Combat
  6325 | D:9      | Paralysed by a hornet for 3 turns
  6478 | D:9      | Noticed an elephant
  6493 | D:9      | Found a staircase to the Lair.
  6500 | D:9      | Killed an elephant
  6824 | D:9      | Found a glowing golden altar of the Shining One.
  7077 | D:9      | Reached XP level 11. HP: 46/60 MP: 12/12
  7300 | Lair:1   | Entered Level 1 of the Lair of Beasts
  7341 | Lair:1   | Mangled by a cane toad

Illustrated notes

Levels and vault maps discovered:
D:1:      eino_arrival_water_cross, layout_loops_ring, roderic_roman_lattice
D:2:      minmay_evil_eye, layout_loops_ring, nicolae_wormholes
D:3:      layout_rooms, hellmonk_ecumenical_altar_blasted,
          amcnicky_mini_pool_small
D:4:      layout_rooms, uniq_robin
D:5:      layout_layer_cave, grunt_temple_overflow_forces_of_nature,
          minmay_overflow_temple_star_hex, minmay_misc_feat_hallway
D:6:      layout_gridville, gammafunk_temple_overflow_wave, uniq_blork_the_orc
D:7:      layout_rooms, lemuel_crystal_altar, minmay_temple_entry_proselytizer
D:8:      layout_loops_ring, mainiacjoe_overflow_brackets, uniq_gastronok
D:9:      layout_irregular_city, tso_altar, david_lair_generic
Lair:1:   layout_hall_layers, minivault_19, serial_bayou_ford_a

Skill      XL: |  1  2  3  4  5  6  7  8  9 10 |
---------------+-------------------------------+-----
Fighting       | 3 7 8 |  8.2
Armour         | 2 6 8 |  8.3
Stealth        | 1 5 6 |  6.4
Unarmed Combat | 4 8 9 10 | 10.9
Dodging        | 2 4 |  4.9

Action                   |  1- 3 |  4- 6 |  7- 9 | 10-12 || total
-------------------------+-------+-------+-------+-------++-------
Melee: Unarmed           |    83 |   104 |   208 |   184 ||   579
       Bite              |    18 |    27 |    68 |    59 ||   172
       Punch             |     2 |     3 |    15 |    14 ||    34
Invok: Berserk           |     1 |     2 |     3 |     8 ||    14
       Trog's Hand       |       |       |       |     1 ||     1
       Brothers in Arms  |       |       |       |     1 ||     1
  Use: Scroll            |       |     6 |     3 |     2 ||    11
       Potion            |       |     1 |       |       ||     1
 Stab: Sleeping          |       |     1 |     7 |       ||     8
       Distracted        |       |       |     1 |       ||     1
Armor: Animal skin       |     1 |       |       |       ||     1
       Leather armour    |    29 |    29 |    41 |       ||    99
       Chain mail        |       |       |    40 |    79 ||   119
       Plate armour      |       |       |       |    44 ||    44
Dodge: Dodged            |    69 |    59 |   112 |   131 ||   371
